Map: Oxide LE

Players

ParadOx

  • Race: Terran Terran
  • League: Diamond

MicroJFox - Winner!

  • Race: Protoss Protoss
  • League: Diamond

VOD

Have the link to the VOD?

Description

Time

  • Played on: April 23, 2021, 2:47 a.m.
  • Length: 5:35
Show
View Real Time Build Order
Export as new Build Order

ParadOx Terran 

Build Orders: Reaper Expand 

Get SALT Encoding   

  12  0:00  SCV  
  13  0:12  SCV  
  14  0:17  Supply Depot  
  14  0:25  SCV  
  15  0:39  SCV  
  15  0:42  Barracks  
  16  0:46  Refinery  
  16  0:51  SCV  
  17  1:03  SCV  
  18  1:15  SCV  
  19  1:28  Orbital Command  
  19  1:29  Reaper  
  20  1:41  Command Center  
  20  1:54  SCV  
  20  2:00  Refinery  
  21  2:02  Marine  
  21  2:04  Supply Depot  
  22  2:19  SCV  
  23  2:26  Marine  
  24  2:32  Bunker  
  24  2:33  Factory  
  24  2:42  SCV  
  25  2:45  Barracks Reactor  
  25  2:57  Orbital Command  
  25  3:00  SCV  
  26  3:24  Widow Mine, Starport  
  27  3:32  Marine  
  27  3:33  Marine  
  29  3:38  SCV  
  30  3:45  Widow Mine  
  30  3:47  SCV  
  33  3:52  Refinery  
  33  3:54  Marine x2  
  35  4:03  SCV x2  
  35  4:06  Widow Mine  
  41  4:18  SCV x2  
  41  4:19  Armory, Marine x2  
  43  4:34  Factory Tech Lab  
  43  4:46  Starport  
  43  4:47  Barracks  
  43  4:50  Marine x2  
  45  5:00  Factory Tech Lab  
  43  5:14  Marine x2  
Show
View Real Time Build Order
Export as new Build Order

MicroJFox Protoss - Winner!

Build Orders: Zealot Archon, Archon Drop, Dark Templar Rush 

Get SALT Encoding   

  12  0:00  Probe  
  13  0:18  Pylon, Probe  
  14  0:30  Probe (Chrono Boost)  
  15  0:37  Gateway  
  16  0:43  Probe (Chrono Boost)  
  16  0:45  Assimilator  
  16  0:50  Assimilator  
  16  0:55  Probe (Chrono Boost)  
  17  1:06  Probe  
  17  1:07  Gateway  
  18  1:18  Probe (Chrono Boost)  
  19  1:27  Cybernetics Core, Probe (Chrono Boost)  
  20  1:40  Pylon  
  20  1:44  Probe  
  21  1:56  Probe  
  22  2:04  Adept  
  22  2:05  Adept  
  22  2:07  Warp Gate  
  22  2:08  Probe  
  27  2:18  Twilight Council  
  27  2:29  Robotics Facility  
  27  2:52  Gateway  
  27  2:58  Dark Shrine  
  27  3:02  Gateway  
  27  3:20  Warp Prism (Chrono Boost)  
  29  3:29  Pylon  
  27  3:51  Shield Battery  
  27  4:00  Gateway  
  27  4:11  Dark Templar x2  
  27  4:12  Dark Templar  
  27  4:16  Dark Templar  
  35  4:36  Archon  
  35  4:37  Archon  
  35  4:46  Pylon  
  35  4:50  Zealot x2  
  39  5:04  Observer  
  36  5:07  Stalker x2  
  36  5:08  Stalker  
  42  5:24  Stalker  
  42  5:25  Stalker  
Tags
 
Add a new tag
Caveats
  • Supply blocks, unpowered buildings, or Contaminate may cause inaccurate times.
  • Supply counts are checked every 10 seconds.